 Dungeon Crawl Stone Soup version 0.31-a0-1620-gcbf77bbcfc (webtiles) character file.

Game seed: 11261367839590600471

11 GordonOverkill the Sneak (level 2, -13/16 HPs)
             Began as a Spriggan Delver on Jan 11, 2024.
             Mangled by an ogre
             ... wielding a +0 giant spiked club
              (29 damage)
             ... on level 5 of the Dungeon.
             The game lasted 00:00:47 (265 turns).

GordonOverkill the Sneak (Spriggan Delver)           Turns: 265, Time: 00:00:48

Health: -13/16     AC:  2    Str:  8    XL:     2   Next: 13%
Magic:  3/3        EV: 17    Int: 11    God:
Gold:   21         SH:  0    Dex: 16    Spells: 1/1 levels left

rFire   . . .        a - +0 short sword
rCold   . . .        (no shield)
rNeg    . . .        b - +0 robe
rPois   .            (helmet restricted)
rElec   .            (no cloak)
rCorr   .            (gloves unavailable)
SInv    +            (boots unavailable)
Will    .....        (no amulet)
Stlth   ++++         (no ring)
HPRegen 0.22/turn    (no ring)
MPRegen 0.08/turn

%: no passive effects
@: very quick
A: very small, no large weapons, unfitting armour, see invisible, speed 3
a: no special abilities


You were on level 5 of the Dungeon.
You visited 1 branch of the dungeon, and saw 2 of its levels.

You collected 21 gold pieces.

Inventory:

Hand Weapons
 a - a +0 short sword (weapon)
Armour
 b - a +0 robe (worn)
Wands
 g - a wand of digging (3)
Scrolls
 c - a scroll of fog
 d - a scroll of revelation
 e - a scroll of fear
 h - a scroll of poison {unknown}
Potions
 f - a potion of haste


   Skills:
 - Level 3.0 Fighting
 + Level 2.3 Short Blades
 - Level 2.6 Dodging
 - Level 7.2 Stealth


You had one spell level left.
You didn't know any spells.
Your spell library was empty.

Dungeon Overview and Level Annotations

Branches:
Dungeon (6/15)
 Temple: D:4-7

Altars:
Okawaru


Innate Abilities, Weirdness & Mutations

You are very small and have problems with some larger weapons.
You are too small for most types of armour.
You have supernaturally acute eyesight. (SInv)
You cover ground extremely quickly. (Speed+++)


Message History

2 kobolds come into view.
Found a chain mail.
Found an iron altar of Okawaru.
The kobold shouts!
You hear a shout! x3
You hear a shout!
There is a stone staircase leading up here.
You climb upwards.
There is a stone staircase leading down here.
An ufetubus comes into view.
An ufetubus comes into view.
The helpless ufetubus fails to defend itself.
You impale the ufetubus!!
You kill the ufetubus!
The ufetubus shouts!
You barely miss the ufetubus. The ufetubus closely misses you.
The ufetubus hits you. The ufetubus closely misses you.
The ufetubus misses you.
You are too injured to fight recklessly!
You are too injured to fight recklessly!
You hit the ufetubus.
The ufetubus is heavily wounded.
The ufetubus misses you. The ufetubus hits you.
* * * LOW HITPOINT WARNING * * *
You hit the ufetubus.
You kill the ufetubus!
Training target 3.0 for Fighting reached!
Your Fighting skill increases to level 3!
You need to enable at least one skill for training.
You have reached level 2!
You start resting.
HP restored.
A bombardier beetle comes into view.
An ogre comes into view. It is wielding a +0 giant spiked club.
Found a stone staircase leading up.
Found a trident.
The helpless ogre fails to defend itself.
You impale the ogre!!
The ogre is severely wounded.
The ogre hits you with a +0 giant spiked club!!
Ouch! That really hurt!
You die...

######## #......#
######### .......#
#.......# .......#
#.......# .......#
#.......# .......#
#)......#
...##########...@<..#
...# #.........O..#
.>.#####.#######....#
.........# #....#
##.......#######.####
#.............#.#
#........####.#.#
#######..#..#.#.#
#..#..#.#


You could see an ogre.

Vanquished Creatures
  2 ufetubi (D:5)
2 creatures vanquished.

Notes
Turn   | Place    | Note
-------+----------+-------------------------------------------
     0 | D:5      | GordonOverkill the Spriggan Delver began the quest for the
                  | Orb.
     0 | D:5      | Reached XP level 1. HP: 11/11 MP: 2/2
    36 | D:6      | Found an iron altar of Okawaru.
    95 | D:5      | Reached XP level 2. HP: 7/16 MP: 3/3
   138 | D:5      | Noticed a bombardier beetle
   258 | D:5      | Noticed an ogre
   265 | D:5      | Mangled by an ogre

Illustrated notes

Levels and vault maps discovered:
D:5:      layout_basic, serial_shops, kennysheep_mini_moat, uniq_eustachio,
          uniq_grinder, uniq_prince_ribbit1
D:6:      layout_basic, lemuel_crystal_altar

Skill      XL: |  1 |
---------------+----+-----
Fighting       | 3 |  3.0
Short Blades   | |  2.3
Dodging        | |  2.6
Stealth        | |  7.2

Action                     || total
---------------------------++-------
  Melee: Short sword       ||     5
   Stab: Sleeping          ||     2
 Armour: Robe              ||     3
  Dodge: Dodged            ||     4

Table legend: (Time is in decaauts)
 A = Elapsed time spent in this place.
 B = Non-inter-level travel time spent in this place.
 C = Inter-level travel time spent in this place.
 D = Time resting spent in this place.
 E = Time spent auto-exploring this place.
 F = Levels seen in this place.
 G = Mean time per level.
                   A        B        C        D        E       F      G
               +--------+--------+--------+--------+--------+-----+--------+
         Total |    179 |    163 |     16 |     41 |      0 |   2 |   89.5 |
       Dungeon |    179 |    163 |     16 |     41 |      0 |   2 |   89.5 |
               +--------+--------+--------+--------+--------+-----+--------+

Top non-repeatable levels by time:
     D:5: 174 daAuts
     D:6: 5 daAuts
